 Dungeon Crawl Stone Soup version 0.32-a0-747-gc8563f6 (webtiles) character file.

Game seed: 6029934353468385283

23299 edsrzf the Bludgeoner (level 13, -6/83 HPs)
             Began as a Coglin Gladiator on Mar 17, 2024.
             Was the Champion of Cheibriados.
             Mangled by a black mamba (8 damage)
             ... on level 1 of the Lair of Beasts.
             The game lasted 00:29:39 (14567 turns).

edsrzf the Bludgeoner (Coglin Gladiator)           Turns: 14567, Time: 00:29:41

Health: -6/83      AC: 16    Str: 33    XL:     13   Next: 5%
Magic:  16/16      EV: 15    Int: 23    God:    Cheibriados [******]
Gold:   1213       SH:  0    Dex: 32    Spells: 12/16 levels left

rFire   . . .        a - +5 morningstar {Minoru}
rCold   + . .        b - +0 flail {Karolin}
rNeg    . . .        C - +3 ring mail "Oreuvan" {rC+ Stlth+}
rPois   .            A - +2 helmet
rElec   .            z - +0 cloak
rCorr   .            (no gloves)
SInv    .            B - +1 pair of boots
Will    .....        (amulet unavailable)
Stlth   +++          (ring unavailable)
HPRegen 0.33/turn    (ring unavailable)
MPRegen 0.15/turn    (no gizmo)

%: no passive effects
@: lethally poisoned (-6 -> -21), very slow
A: off-hand wielding, slow wielding, warmup strikes, no jewellery
a: Invent Gizmo, Renounce Religion, Bend Time, Temporal Distortion, Slouch, Step
From Time


You were on level 1 of the Lair of Beasts.
You worshipped Cheibriados.
Cheibriados was exalted by your worship.
You visited 3 branches of the dungeon, and saw 15 of its levels.
You also visited: Sewer and Bailey.

You collected 1213 gold pieces.

Inventory:

Hand Weapons
 a - a +5 morningstar (weapon) {Minoru}
 b - a +0 flail (offhand) {Karolin}
Missiles
 d - a throwing net {=f}
 e - 6 javelins
 g - 3 poisoned darts (quivered)
 s - 4 boomerangs
Armour
 h - a +3 plate armour of positive energy
 l - the +1 helmet of Qyisire {^Contam rN+ Dex+3}
   (You found it in a bailey)

   Dex+3:     It affects your dexterity (+3).
   rN+:       It protects you from negative energy.
   ^Contam:   It causes magical contamination when unequipped.
 w - the +6 chain mail of Emamotud {rC+}
   (You found it on level 1 of the Lair of Beasts)

   rC+:       It protects you from cold.
 z - a +0 cloak (worn)
 A - a +2 helmet (worn)
 B - a +1 pair of boots (worn)
 C - the +3 ring mail "Oreuvan" (worn) {rC+ Stlth+}
   (You found it on level 10 of the Dungeon)

   rC+:       It protects you from cold.
   Stlth+:    It makes you more stealthy.
Wands
 D - a wand of flame (23)
 I - a wand of iceblast (6)
Scrolls
 c - a scroll of identify {@r1}
 i - 6 scrolls of teleportation {@r3}
 j - a scroll of enchant weapon
 p - a scroll of immolation
 t - 3 scrolls of poison
 u - a scroll of acquirement {unknown}
 x - 2 scrolls of noise {unknown}
 y - 2 scrolls of torment {unknown}
 F - a scroll of enchant armour
 H - a scroll of blinking {unknown}
Potions
 f - a potion of invisibility
 m - a potion of lignification
 o - 2 potions of attraction
 q - a potion of mutation {!q}
 r - 2 potions of might
 v - a potion of cancellation
 E - 2 potions of curing
Miscellaneous
 G - a box of beasts


   Skills:
 - Level 2.0 Fighting
 - Level 16.0 Maces & Flails
 - Level 12.4 Throwing
 + Level 6.6 Armour
 + Level 4.3 Dodging
 - Level 2.0 Spellcasting
 - Level 4.0 Translocations


You had 12 spell levels left.
You knew the following spells:

 Your Spells              Type           Power      Damage    Failure   Level
a - Lesser Beckoning      Tloc           42%        N/A       4%          2
b - Blink                 Tloc           42%        N/A       4%          2

Your spell library contained the following spells:

 Spells                   Type           Power      Damage    Failure   Level
 Momentum Strike          Conj/Tloc      22%        3d8       11%         2
 Foxfire                  Conj/Fire      8%         2x1d4     17%         1
 Magic Dart               Conj           8%         1d3       17%         1
 Necrotise                Necr           8%         1d4       17%         1
 Sandblast                Erth           4%         2d4       17%         1
 Shock                    Conj/Air       8%         1d3       17%         1
 Ensorcelled Hibernation  Hex/Ice        4%         N/A       26%         2
 Searing Ray              Conj           4%         2d4       26%         2
 Passage of Golubria      Tloc           21%        N/A       30%         4
 Inner Flame              Hex/Fire       2%         N/A       45%         3
 Passwall                 Erth           2%         N/A       45%         3
 Stone Arrow              Conj/Erth      4%         3d7       45%         3
 Swiftness                Air            2%         N/A       45%         3
 Tukima's Dance           Hex            2%         N/A       45%         3
 Vampiric Draining        Necr           2%         2d6       45%         3
 Vhi's Electric Charge    Tloc/Air       22%        N/A       58%         4
 Airstrike                Air            1%         2d(1-17)  86%         4
 Brom's Barrelling Bould  Conj/Erth      2%         2d3       86%         4
 Fulminant Prism          Conj/Alch      1%         3d5       86%         4
 Martyr's Knell           Necr/Summ      2%         N/A       86%         4
 Summon Lightning Spire   Summ/Air       2%         N/A       86%         4
 Curse of Agony           Necr           2%         N/A       99%         5
 Silence                  Hex/Air        1%         N/A       99%         5
 Yara's Violent Unravell  Hex/Alch       1%         3d3       99%         5
 Plasma Beam              Fire/Air       1%         2x1d11    100%        6
 Starburst                Conj/Fire      1%         6d3       100%        6
 Haunt                    Necr/Summ      1%         N/A       100%        7
 Borgnjor's Revivificati  Necr           1%         N/A       100%        8
 Lehudib's Crystal Spear  Conj/Erth      1%         10d2      100%        8
 Maxwell's Capacitive Co  Air            1%         ∞         100%        8
 Death's Door             Necr           1%         N/A       100%        9


Dungeon Overview and Level Annotations

Branches:
Dungeon (13/15)            Temple (1/1) D:6            Lair (1/5) D:11
    Orc (0/2) D:10         Vaults (0/5) D:13          Sewer (visited)
 Bailey (visited)

Altars:
Ashenzari
Cheibriados
Dithmenos
Elyvilon
Fedhas
Gozag
Hepliaklqana
Kikubaaqudgha
Makhleb
Nemelex Xobeh
Okawaru
Qazlal
Ru
Sif Muna
Trog
Uskayaw
Vehumet
Wu Jian
Xom
Yredelemnul
Zin
The Shining One

Annotations:
Lair:1 Gastronok


Innate Abilities, Weirdness & Mutations

You can wield a second weapon in your off-hand.
It takes a long time for you to wield or remove held weapons.
Your first few attacks do less damage.
You cannot equip rings or amulets.


Message History

You kill the komodo dragon!
Cheibriados appreciates the change of pace.
Cheibriados raises the support of your attributes as your movement slows.
The komodo dragon hisses angrily.
You see here a komodo dragon corpse.
Throw: 5 darts (poison)
Press: ? - help, Q - select action, (/) - cycle Shift-Dir - straight line, f - komodo dragon
Aim: a komodo dragon (77% to hit)
You throw a poisoned dart.
The poisoned dart hits the komodo dragon.
The komodo dragon is poisoned.
Throw: 4 darts (poison)
Press: ? - help, Q - select action, (/) - cycle Shift-Dir - straight line, f/p - komodo dragon
Aim: a komodo dragon (lightly wounded, poisoned, 77% to hit)
You throw a poisoned dart.
The poisoned dart hits the komodo dragon!
The komodo dragon looks even sicker.
The komodo dragon is lightly wounded.
You hit the komodo dragon with your +5 morningstar.
The komodo dragon is lightly wounded.
You thump the komodo dragon with your +0 flail!
The komodo dragon bites you!!
* * * LOW HITPOINT WARNING * * *
Okay, then.
Throw: 2 throwing nets {=f}
Press: ? - help, Shift-Dir - straight line, f/p - komodo dragon
Aim: a komodo dragon (moderately wounded, very poisoned, 77% to hit)
You throw a throwing net {=f}.
The throwing net {=f} hits the komodo dragon.
The komodo dragon is caught in the net!
The komodo dragon is moderately wounded.
You hit the komodo dragon with your +0 flail.
The komodo dragon is heavily wounded.
You hit the komodo dragon but do no damage.
The komodo dragon struggles against the net.
You hit the komodo dragon with your +0 flail.
The komodo dragon is severely wounded.
You catch the helpless komodo dragon completely off-guard!
You bludgeon the komodo dragon with your +5 morningstar!!
You kill the komodo dragon!
Cheibriados appreciates the change of pace.
A cane toad comes into view.
You see here a throwing net {=f}.
d - 2 throwing nets {=f} (gained 1)
The cane toad croaks.
Okay, then.
Aiming: Iceblast
Press: ? - help, Shift-Dir - straight line, f - cane toad
Aim: a cane toad The mass of ice explodes!
The iceblast engulfs the cane toad.
The cane toad is lightly wounded.
You hear an angry hiss.
Unknown command.
Throw: 2 throwing nets {=f}
Press: ? - help, Shift-Dir - straight line, f/p - cane toad
Aim: a cane toad (lightly wounded, 75% to hit)
You throw a throwing net {=f}.
The throwing net {=f} hits the cane toad.
The cane toad is caught in the net!
The cane toad is lightly wounded.
The cane toad struggles against the net.
You thump the cane toad with your +0 flail!
The cane toad is moderately wounded.
You hit the cane toad with your +5 morningstar.
The cane toad struggles against the net.
You strike the helpless cane toad from behind!
You sock the cane toad with your +5 morningstar!
The cane toad is severely wounded.
You strike the helpless cane toad from behind!
You hit the cane toad with your +0 flail.
You sock the cane toad with your +5 morningstar!
The cane toad is almost dead.
You sock the cane toad with your +0 flail!
You kill the cane toad!
Cheibriados appreciates the change of pace.
Okay, then.
You hear the thunderous beating of a very distant drum.
Okay, then.
A water moccasin comes into view.
The water moccasin hisses angrily.
The water moccasin bites you.
* * * LOW HITPOINT WARNING * * *
You impale the water moccasin with your +5 morningstar!!
The water moccasin is almost dead.
You sock the water moccasin with your +0 flail!
You kill the water moccasin!
Cheibriados appreciates the change of pace.
You hear the deafening beating of a drum very nearby.
The black mamba hisses angrily.
The black mamba bites you.
You are poisoned.
The black mamba poisons you! The black mamba bites you!
* * * LOW HITPOINT WARNING * * *
* * * LOW HITPOINT WARNING * * *
You feel extremely sick. The black mamba bites you!
* * * LOW HITPOINT WARNING * * *
The black mamba misses you. The black mamba bites you!
You die...
Cheibriados appreciates the motionlessness of death.

##,.~..#*,,,,,,,,,,,,,,,,,,,,*
.##...##,,..........,,,,,,,,,*
........,,.........,,,∩,,,,,,*
S.......,,.........,,,,,,,,,,*
FYl.....,,,,......#*,******,,*
llS...Y..,..,.....#*** **,,*
#........##.###...# ******,,,*
#....#..........S.# *,,,***,,*
#....#........#.@.#**,,,,,,,,*
..............#...+,,,,,**,,,**
l....#........#...#*,,,,,,,,,,*
#....#........#...#******,,,,**
#.....###..##.....# ***,,*
..................#********,,**
......................,,,,,,,,*
####.#########.####.##*,,******
### ### *## ****


You could see a black mamba.

Vanquished Creatures
  3 two-headed ogres
  2 death yaks (Lair:1)
  2 orc knights (Bailey)
  2 cyclopes
  A black mamba (Lair:1)
  3 cane toads (Lair:1)
  4 unseen horrors
  A rime drake (Lair:1)
  5 komodo dragons
  6 trolls
  Prince Ribbit (D:5)
  3 hornets
  4 blink frogs (Lair:1)
  6 slime creatures
  A shadow (D:9)
  5 wraiths
  12 yaks
  2 steam dragons
  Menkaure (D:5)
  3 water moccasins (Lair:1)
  An acid dragon (D:10)
  An ice beast (D:6)
  2 black bears
  11 orc warriors
  9 centaurs
  A phantom (D:4)
  4 kobold brigands
  A bullfrog (Lair:1)
  A gnoll sergeant (D:5)
  2 scorpions
  10 wights
  16 killer bees
  6 howler monkeys
  A bombardier beetle (D:4)
  2 jellies
  2 hounds
  7 orc priests
  2 sleepcaps
  A gnoll bouda (D:8)
  5 iguanas
  14 orc wizards
  13 adders
  10 gnolls
  A river rat (Sewer)
  A shadow imp (D:7)
  A white imp (D:8)
  2 ufetubi (D:7)
  4 dart slugs
  2 ribbon worms
  38 orcs
  16 endoplasms
  5 giant cockroaches
  11 goblins
  5 hobgoblins
  4 jackals
  3 quokkas
  9 ball pythons
  5 bats
  6 frilled lizards
  20 kobolds
  10 rats
332 creatures vanquished.

Notes
Turn   | Place    | Note
-------+----------+-------------------------------------------
     0 | D:1      | edsrzf the Coglin Gladiator began the quest for the Orb.
     0 | D:1      | Reached XP level 1. HP: 16/16 MP: 1/1
   276 | D:1      | Reached skill level 3 in Maces & Flails
   311 | D:1      | Reached XP level 2. HP: 20/22 MP: 2/2
   369 | D:1      | Found a faded altar of an unknown god.
   909 | D:2      | Reached XP level 3. HP: 26/27 MP: 3/3
  1051 | D:2      | Reached skill level 4 in Maces & Flails
  1686 | D:3      | Reached XP level 4. HP: 25/33 MP: 4/4
  1976 | D:3      | Reached skill level 5 in Maces & Flails
  1976 | D:3      | Reached XP level 5. HP: 20/38 MP: 5/5
  2646 | D:4      | Found a glowing drain.
  2655 | Sewer    | Entered a sewer
  2750 | Sewer    | Identified 2 potions of curing
  2759 | Sewer    | Reached XP level 6. HP: 20/44 MP: 6/6
  2765 | Sewer    | Reached skill level 6 in Maces & Flails
  2965 | Sewer    | Found a viscous altar of Jiyva.
  3384 | D:4      | Reached skill level 7 in Maces & Flails
  3387 | D:4      | Reached XP level 7. HP: 50/50 MP: 7/7
  3909 | D:5      | Entered Level 5 of the Dungeon
  4258 | D:5      | Noticed Prince Ribbit
  4267 | D:5      | Killed Prince Ribbit
  4268 | D:5      | Reached skill level 8 in Maces & Flails
  4313 | D:5      | Noticed Menkaure
  4320 | D:5      | Killed Menkaure
  4321 | D:5      | Reached XP level 8. HP: 16/56 MP: 8/8
  4541 | D:5      | Reached skill level 9 in Maces & Flails
  5533 | D:6      | Identified 2 potions of heal wounds
  5537 | D:6      | Reached skill level 10 in Maces & Flails
  5553 | D:6      | Upgraded the game from 0.32-a0-738-g1a05c61 to
                  | 0.32-a0-747-gc8563f6
  5772 | D:6      | Reached XP level 9. HP: 19/61 MP: 9/9
  6025 | D:6      | Found the +5 robe of Misfortune {Harm *Corrode *Slow EV+5}
  6273 | D:6      | Found a staircase to the Ecumenical Temple.
  6280 | Temple   | Entered the Ecumenical Temple
  6284 | Temple   | Became a worshipper of Cheibriados the Contemplative
  6369 | D:6      | Reached skill level 11 in Maces & Flails
  7074 | D:7      | Reached skill level 2 in Throwing
  7118 | D:7      | Reached * piety under Cheibriados
  7123 | D:7      | Reached skill level 3 in Throwing
  7276 | D:7      | Found a broken altar of Ashenzari.
  7474 | D:7      | Identified 6 scrolls of teleportation
  7475 | D:7      | Identified 4 scrolls of identify
  7475 | D:7      | Identified a potion of experience
  7476 | D:7      | Reached skill level 13 in Maces & Flails
  7476 | D:7      | Reached skill level 10 in Throwing
  7476 | D:7      | Reached XP level 10. HP: 67/67 MP: 10/10
  7477 | D:7      | Identified 3 scrolls of fear
  7478 | D:7      | Identified a potion of cancellation
  7479 | D:7      | Identified a potion of degeneration
  7481 | D:7      | Identified a potion of lignification
  7676 | D:8      | Identified a potion of attraction
  7728 | D:8      | Identified 3 scrolls of poison
  7729 | D:8      | Identified 2 scrolls of enchant weapon
  7730 | D:8      | Identified 2 scrolls of immolation
  7731 | D:8      | Identified 2 scrolls of revelation
  7787 | D:8      | Reached skill level 11 in Throwing
  7796 | D:8      | Reached ** piety under Cheibriados
  7838 | D:8      | Found a flagged portal.
  7851 | Bailey   | Entered a bailey
  8202 | Bailey   | Noticed an orc knight
  8359 | Bailey   | Identified the +6 tower shield of Demons {Str+5}
  8397 | Bailey   | Reached XP level 11. HP: 29/72 MP: 11/11
  8553 | Bailey   | Noticed an orc knight
  8688 | Bailey   | Killed an orc knight
  8688 | Bailey   | Reached *** piety under Cheibriados
  8689 | Bailey   | Reached skill level 14 in Maces & Flails
  8778 | Bailey   | Killed an orc knight
  8980 | Bailey   | Identified the +1 helmet of Qyisire {^Contam rN+ Dex+3}
  9254 | D:8      | Reached skill level 12 in Throwing
  9536 | D:8      | Identified a potion of might
  9656 | D:8      | Identified a potion of mutation
 10031 | D:9      | Reached **** piety under Cheibriados
 10125 | D:9      | Learned a level 2 spell: Blink
 10309 | D:9      | Reached skill level 1 in Spellcasting
 10700 | D:9      | Found a radiant altar of Vehumet.
 10712 | D:9      | Found a shimmering blue altar of Sif Muna.
 10968 | D:10     | Entered Level 10 of the Dungeon
 11009 | D:10     | Found an ornate altar of the Wu Jian Council.
 11064 | D:10     | Identified the +3 ring mail "Oreuvan" {rC+ Stlth+}
 11118 | D:10     | Reached skill level 2 in Spellcasting
 11311 | D:10     | Found a white marble altar of Elyvilon.
 11313 | D:10     | Found a glowing silver altar of Zin.
 11313 | D:10     | Found a glowing golden altar of the Shining One.
 11515 | D:10     | Reached skill level 1 in Translocations
 11579 | D:10     | Identified a potion of ambrosia
 11599 | D:10     | Noticed a cyclops
 11608 | D:10     | Killed a cyclops
 11609 | D:10     | Reached skill level 2 in Translocations
 11737 | D:10     | Noticed a two-headed ogre
 11743 | D:10     | Killed a two-headed ogre
 11744 | D:10     | Reached skill level 3 in Translocations
 11806 | D:10     | Noticed a two-headed ogre
 11866 | D:10     | Killed a two-headed ogre
 11867 | D:10     | Reached skill level 15 in Maces & Flails
 11867 | D:10     | Reached skill level 4 in Translocations
 11939 | D:10     | Reached XP level 12. HP: 65/78 MP: 15/15
 11942 | D:10     | Reached skill level 1 in Armour
 11944 | D:10     | Reached ***** piety under Cheibriados
 12013 | D:10     | Reached skill level 2 in Armour
 12439 | D:10     | Found a staircase to the Orcish Mines.
 12490 | D:10     | Got the Secrets of Captivating Thunder
 12629 | D:10     | Learned a level 2 spell: Lesser Beckoning
 12816 | D:11     | Found a staircase to the Lair.
 12897 | D:11     | Noticed a two-headed ogre
 12909 | D:11     | Killed a two-headed ogre
 12910 | D:11     | Reached skill level 3 in Armour
 13630 | D:12     | Reached skill level 4 in Armour
 13637 | D:12     | Identified a scroll of enchant armour
 13688 | D:12     | Identified the +9 rapier "Vutah" {freeze, rPois Int-4
                  | Dex+2}
 14292 | D:13     | Noticed a vault guard
 14292 | D:13     | Noticed a vault guard
 14293 | D:13     | Found a gate to the Vaults.
 14293 | D:13     | Noticed a vault guard
 14293 | D:13     | Noticed a vault guard
 14293 | D:13     | Noticed a vault guard
 14293 | D:13     | Noticed a vault guard
 14294 | D:13     | Noticed a vault guard
 14295 | D:13     | Noticed a vault guard
 14341 | Lair:1   | Entered Level 1 of the Lair of Beasts
 14347 | Lair:1   | Reached skill level 5 in Armour
 14365 | Lair:1   | Identified the +6 chain mail of Emamotud {rC+}
 14379 | Lair:1   | Noticed Gastronok
 14380 | Lair:1   | Noticed a death yak
 14392 | Lair:1   | Killed a death yak
 14393 | Lair:1   | Reached skill level 16 in Maces & Flails
 14393 | Lair:1   | Noticed a death yak
 14394 | Lair:1   | Noticed a death yak
 14398 | Lair:1   | Noticed a death yak
 14404 | Lair:1   | Killed a death yak
 14405 | Lair:1   | Reached skill level 3 in Dodging
 14433 | Lair:1   | Reached skill level 6 in Armour
 14484 | Lair:1   | Reached skill level 4 in Dodging
 14484 | Lair:1   | Reached XP level 13. HP: 40/83 MP: 16/16
 14499 | Lair:1   | Identified a potion of invisibility
 14511 | Lair:1   | Reached ****** piety under Cheibriados
 14567 | Lair:1   | HP: 2/83 [black mamba (11)]
 14567 | Lair:1   | Mangled by a black mamba

Illustrated notes

Levels and vault maps discovered:
D:1:      ncdulo_watergridlock, layout_basic, basic_ecumenical_altar
D:2:      layout_basic
D:3:      layout_basic, st_stairs_11
D:4:      layout_basic, portal_sewer_entry_d
D:5:      layout_basic, minmay_misc_feat_cross, uniq_prince_ribbit1,
          uniq_menkaure
D:6:      layout_basic, minmay_temple_entry_overgrown
D:7:      layout_basic, general_overflow_altar
D:8:      layout_gridville, enter_bailey_3, nicolae_tricolors
D:9:      layout_loops_ring, jmf_multi_god_temple2, nicolae_zig_zag_zippers
D:10:     minmay_polygon_palace, layout_loops_corners,
          dreamdust_divine_triumvirate, mainiacjoe_overflow_24_doors
D:11:     layout_loops_corners, lair_entry_dummy
D:12:     layout_loops_ring
D:13:     layout_loops_ring, erik_vaults_2, nicolae_trove_entry_isolated
Temple:   hellmonk_temple_two_chambers
Lair:1:   layout_regular_city, gauntlet_entry_generic,
          amcnicky_mini_pool_medium, grunt_megastairs_1, uniq_gastronok

Skill      XL: |  1  2  3  4  5  6  7  8  9 10 11 12 |
---------------+-------------------------------------+-----
Maces & Flails | 3 4 5 7 8 10 13 15 16 | 16.0
Throwing       | 10 11 12 | 12.4
Spellcasting   | 2 |  2.0
Translocations | 4 |  4.0
Armour         | 6 |  6.6
Dodging        | 4 |  4.3
Fighting       | |  2.0

Action                     |  1- 3 |  4- 6 |  7- 9 | 10-12 | 13-15 || total
---------------------------+-------+-------+-------+-------+-------++-------
  Melee: Flail             |    77 |   266 |   316 |   375 |     9 ||  1043
         Dagger            |    66 |    19 |       |       |       ||    85
         Morningstar       |       |       |    28 |   394 |     9 ||   431
  Throw: Throwing net      |       |       |       |     4 |     2 ||     6
         Dart              |       |       |       |    16 |     6 ||    22
  Evoke: Wand              |       |       |     4 |     1 |     1 ||     6
    Use: Potion            |       |     2 |     2 |     3 |       ||     7
         Scroll            |       |       |     2 |    19 |     1 ||    22
   Stab: Sleeping          |     4 |       |     1 |     4 |       ||     9
         Distracted        |       |     1 |       |     1 |       ||     2
         Held in net/web   |       |       |       |     6 |     3 ||     9
 Armour: Leather armour    |    48 |   105 |   110 |   134 |       ||   397
         Ring mail         |       |       |       |   143 |     7 ||   150
  Dodge: Dodged            |    35 |   105 |    82 |   213 |     1 ||   436

Table legend: (Time is in decaauts)
 A = Elapsed time spent in this place.
 B = Non-inter-level travel time spent in this place.
 C = Inter-level travel time spent in this place.
 D = Time resting spent in this place.
 E = Time spent auto-exploring this place.
 F = Levels seen in this place.
 G = Mean time per level.
                   A        B        C        D        E       F      G
               +--------+--------+--------+--------+--------+-----+--------+
         Total |  17796 |  17323 |    473 |   2707 |  11369 |  17 | 1046.8 |
       Dungeon |  15693 |  15236 |    457 |   1817 |  11026 |  13 | 1207.2 |
        Temple |     12 |     12 |      0 |      0 |      0 |   1 |   12.0 |
          Lair |    320 |    305 |     15 |      1 |     15 |   1 |  320.0 |
         Sewer |    452 |    452 |      0 |    141 |    104 |   1 |  452.0 |
        Bailey |   1317 |   1317 |      0 |    747 |    223 |   1 | 1317.0 |
               +--------+--------+--------+--------+--------+-----+--------+

Top non-repeatable levels by time:
    D:10: 2421 daAuts
     D:9: 1691 daAuts
    D:11: 1583 daAuts
     D:5: 1573 daAuts
     D:8: 1336 daAuts
     D:6: 1327 daAuts
  Bailey: 1317 daAuts
    D:12: 1208 daAuts
     D:7: 998 daAuts
     D:3: 919 daAuts
     D:4: 910 daAuts
     D:1: 906 daAuts
     D:2: 771 daAuts
   Sewer: 452 daAuts
  Lair:1: 320 daAuts
